[Event "European Amateur-ch U2300 2019"]
[Site "Rhodes"]
[Date "2019.04.06"]
[Round "1.2"]
[White "Samaridis, Konstantinos"]
[Black "Cmiel, Thorsten"]
[Result "1-0"]
[ECO "B19"]
[WhiteElo "2022"]
[BlackElo "2109"]
[Annotator "NA"]
[PlyCount "71"]
[EventDate "2019.04.06"]
[EventType "swiss"]
[EventCountry "GRE"]
[SourceTitle "playchess.com"]
[Source "ChessBase"]
[SourceQuality "1"]
[TimeControl "40/5400+30:1800+30"]

1. e4 c6 2. d4 d5 3. Nd2 dxe4 4. Nxe4 Bf5 5. Ng3 Bg6 6. h4 h6 7. Nf3 e6 8. Ne5 Bh7 9. Bd3 Bxd3 10. Qxd3 Nd7 11. f4 Be7 12. Bd2 Nxe5 13. fxe5 Bxh4 14. O-O-O Bxg3 15. Qxg3 Ne7 16. Qxg7 Rg8 17. Qxh6 Qd5 18. Kb1 O-O-O 19. Qf6 Nf5 20. Rh7 Rxg2 21. Qxf7 Qd7 22. Qxd7+ Rxd7 23. Rxd7 Kxd7 24. c3 c5 25. dxc5 Kc6 26. b4 Re2 27. Kc2 Rxe5 28. Re1 Rxe1 29. Bxe1 Kd5 30. Kd3 e5 31. c4+ Ke6 32. Ke4 Nd4 33. Bc3 Nc2 34. Kd3 Na3 35. Bb2 e4+ 36. Kc3 {[%emt 0:00:25] Kd5 [%emt 00:00:28]} 1-0

[Event "European Amateur-ch U2300 2019"]
[Site "Rhodes"]
[Date "2019.04.06"]
[Round "1.3"]
[White "Minko, Dmitry"]
[Black "Stavropoulos, Konstantinos"]
[Result "1/2-1/2"]
[ECO "B13"]
[WhiteElo "2169"]
[BlackElo "2001"]
[Annotator "NA"]
[PlyCount "53"]
[EventDate "2019.04.06"]
[EventType "swiss"]
[EventCountry "GRE"]
[SourceTitle "playchess.com"]
[Source "ChessBase"]
[SourceQuality "1"]
[TimeControl "40/5400+30:1800+30"]

1. e4 c6 2. d4 d5 3. exd5 cxd5 4. Bd3 Nc6 5. c3 Qc7 6. Nd2 g6 7. Ndf3 Bf5 8. Bxf5 gxf5 9. Ne2 e6 10. g3 Nf6 11. Nf4 Ne4 12. Nd2 Nf6 13. O-O h5 14. Nf3 Ne4 15. Be3 Be7 16. h4 O-O-O 17. Qa4 Bd6 18. Nd2 Rhg8 19. Nxe4 Bxf4 20. Bxf4 Qxf4 21. Ng5 Rxg5 22. hxg5 Qxg5 23. Qd1 h4 24. Qc1 Qh5 25. Qd1 Qg5 26. Qc1 Qh5 27. Qd1 1/2-1/2

[Event "European Amateur-ch U2300 2019"]
[Site "Rhodes"]
[Date "2019.04.06"]
[Round "1.4"]
[White "Brouwer, Dennis"]
[Black "Van De Perre, Tom"]
[Result "1-0"]
[ECO "B43"]
[WhiteElo "2179"]
[BlackElo "2102"]
[Annotator "NA"]
[PlyCount "65"]
[EventDate "2019.04.06"]
[EventType "swiss"]
[EventCountry "GRE"]
[SourceTitle "playchess.com"]
[Source "ChessBase"]
[SourceQuality "1"]
[TimeControl "40/5400+30:1800+30"]

1. e4 c5 2. Nc3 e6 3. Nf3 a6 4. d4 cxd4 5. Nxd4 Qc7 6. Bd3 Nf6 7. O-O d6 8. Kh1 Nbd7 9. f4 b5 10. Bd2 Bb7 11. Qe2 Be7 12. a4 b4 13. Na2 Qb6 14. Nf3 d5 15. a5 Qxa5 16. exd5 Qb6 17. dxe6 fxe6 18. f5 a5 19. fxe6 Nb8 20. Ng5 Nc6 21. Nf7 Rf8 22. c3 Ba6 23. Nxb4 Nxb4 24. cxb4 Bxd3 25. Qxd3 Qxe6 26. Ng5 Qd7 27. Qe2 Rd8 28. Rae1 axb4 29. Bxb4 Nd5 30. Qh5+ g6 31. Rxf8+ Kxf8 32. Qxh7 Bxb4 33. Qh8# 1-0

[Event "European Amateur-ch U2300 2019"]
[Site "Rhodes"]
[Date "2019.04.06"]
[Round "1.5"]
[White "Shukan, Alexander"]
[Black "Zherebtsova, Alexandra"]
[Result "0-1"]
[ECO "C56"]
[WhiteElo "2088"]
[BlackElo "2203"]
[Annotator "NA"]
[PlyCount "72"]
[EventDate "2019.04.06"]
[EventType "swiss"]
[EventCountry "GRE"]
[SourceTitle "playchess.com"]
[Source "ChessBase"]
[SourceQuality "1"]
[TimeControl "40/5400+30:1800+30"]

1. e4 e5 2. Nf3 Nc6 3. d4 exd4 4. Bc4 Nf6 5. O-O Nxe4 6. Re1 d5 7. Bxd5 Qxd5 8. Nc3 Qa5 9. Nxe4 Be6 10. Bd2 Qh5 11. Bg5 h6 12. Bf6 Qd5 13. c3 Ne7 14. c4 Qxc4 15. Rc1 Qb4 16. a3 Qa5 17. b4 Qxa3 18. Rxc7 Nd5 19. Rxb7 Qa6 20. Nd6+ Bxd6 21. Nxd4 Qxb7 22. Nf5 Bxb4 23. Nxg7+ Kd7 24. Re4 Bd6 25. Nh5 Rhb8 26. Re1 Nxf6 27. Nxf6+ Kc7 28. Qa4 Qb5 29. Rc1+ Kb6 30. Qe4 a5 31. Rb1 Bb4 32. Qe3+ Ka6 33. Ne4 Rd8 34. Qf3 Rac8 35. Rf1 Qxf1+ 36. Kxf1 Rc1+ 0-1

[Event "European Amateur-ch U2300 2019"]
[Site "Rhodes"]
[Date "2019.04.09"]
[Round "2.1"]
[White "Yungucu, Arda"]
[Black "Zherebtsova, Alexandra"]
[Result "0-1"]
[ECO "A07"]
[WhiteElo "1959"]
[BlackElo "2203"]
[Annotator "ChessBase"]
[PlyCount "235"]
[EventDate "2019.04.06"]
[EventType "swiss"]
[EventCountry "GRE"]
[SourceTitle "playchess.com"]
[Source "ChessBase"]
[SourceQuality "1"]
[TimeControl "40/5400+30:1800+30"]

1. Nf3 d5 2. g3 g6 3. Bg2 Bg7 4. O-O e5 5. d3 Ne7 6. e4 O-O 7. exd5 Nxd5 8. Bg5 f6 9. Bd2 Nc6 10. Nc3 Nde7 11. Be3 Nf5 12. Bc5 Re8 13. Nd2 Be6 14. Nc4 Qd7 15. Ne4 Rad8 16. Ne3 b6 17. Ng4 Kf7 18. Ba3 Nfd4 19. Ne3 Nb5 20. Ng5+ fxg5 21. Qf3+ Kg8 22. Qxc6 Nxa3 23. Qxd7 Bxd7 24. bxa3 e4 25. Rad1 exd3 26. Rxd3 Be6 27. Nd5 Bf5 28. Ne7+ Kf7 29. Nxf5 gxf5 30. Bc6 Rf8 31. Rfd1 Rxd3 32. Rxd3 Ke6 33. Kf1 Be5 34. Ke2 Bd6 35. a4 a5 36. Re3+ Kf6 37. Bd5 Be5 38. h4 gxh4 39. f4 Bd6 40. Re6+ Kg7 41. gxh4 Bxf4 42. h5 Rf6 43. Rxf6 Kxf6 44. Bg8 h6 45. Bb3 Ke5 46. Kd3 Bg5 47. Bf7 Kf4 48. Be6 Bf6 49. Bd7 Bb2 50. Be6 Ba3 51. Bd7 Bc5 52. Be6 Kg5 53. Bd7 f4 54. Ke4 Bd6 55. Be8 Kg4 56. Kd3 Kf3 57. Bc6+ Kf2 58. Bd5 f3 59. Bc6 Bc5 60. Bd5 Kg3 61. Bc6 Kg4 62. Be8 f2 63. Ke2 Kf4 64. Bc6 Ke5 65. c3 Kf4 66. Bd5 Kg3 67. Bc6 Ba3 68. Bd5 Bb2 69. c4 Bd4 70. Bc6 Kg4 71. Bf3+ Kf4 72. Bg2 Bc5 73. Bc6 Ke5 74. Kf1 Bd4 75. Ke2 Kd6 76. Bg2 Kc5 77. Kd3 Bf6 78. a3 Bb2 79. Ke2 Kxc4 80. Kxf2 Bxa3 81. Ke1 c5 82. Kd2 Kb3 83. Bc6 c4 84. Bd5 Bb2 85. Be6 b5 86. axb5 a4 87. Bf5 Bc3+ 88. Kc1 a3 89. Bc2+ Kb4 90. Bb1 Kxb5 91. Kc2 Be5 92. Ba2 Kc5 93. Bb1 Kd4 94. Ba2 c3 95. Bb1 Ke3 96. Kb3 Kd2 97. Kxa3 c2 98. Bxc2 Kxc2 99. Ka2 Bd4 100. Ka3 Bc5+ 101. Ka2 Be3 102. Ka3 Kd3 103. Kb3 Ke2 104. Kc3 Bg5 105. Kd4 Be3+ 106. Ke4 Bc5 107. Kf4 Kf2 108. Kg4 Kg2 109. Kh4 Be7+ 110. Kg4 Bg5 111. Kf5 Kf3 112. Ke5 Be3 113. Kf5 Bf4 114. Kg6 Kg4 115. Kf6 Kxh5 116. Kf5 Bg5 117. Ke4 Kg4 118. Kd4 0-1

[Event "European Amateur-ch U2300 2019"]
[Site "Rhodes"]
[Date "2019.04.07"]
[Round "2.2"]
[White "Van De Perre, Tom"]
[Black "Shukan, Alexander"]
[Result "1-0"]
[ECO "C01"]
[WhiteElo "2102"]
[BlackElo "2088"]
[Annotator "NA"]
[PlyCount "159"]
[EventDate "2019.04.06"]
[EventType "swiss"]
[EventCountry "GRE"]
[SourceTitle "playchess.com"]
[Source "ChessBase"]
[SourceQuality "1"]
[TimeControl "40/5400+30:1800+30"]

1. e4 e6 2. d4 d5 3. exd5 exd5 4. Nf3 Bd6 5. c4 c6 6. c5 Bc7 {[%emt 0:00:20] C01: French: Exchange Variation} 7. Bd3 Nf6 (7... Ne7 8. Qc2 h6 9. O-O O-O 10. h3 b6 11. Re1 Re8 12. a3 Ba6 13. Bxa6 Nxa6 14. Be3 {1-0 (65) Moussard,J (2559)-Krishna,C (2399) Paris 2018}) 8. Qe2+ Qe7 9. Qxe7+ Kxe7 10. O-O Re8 11. Re1+ Kf8 12. Rxe8+ Kxe8 13. Nc3 $146 ({Predecessor:} 13. Bg5 Ne4 14. Nbd2 f5 15. Re1 h6 16. Be3 Be6 {0-1 (16) Zhelezny,A (1795)-Amann,K (1908) Chessfriend.com 2004}) 13... Bg4 14. Bg5 Bxf3 15. Bxf6 gxf6 16. gxf3 h6 17. b4 Na6 18. a3 Bd8 19. f4 Nc7 20. f5 Kd7 21. a4 Be7 22. b5 Rg8+ $14 23. Kh1 Rg4 24. Ne2 b6 25. cxb6 axb6 26. bxc6+ Kxc6 27. h3 Rg8 28. Nf4 Bb4 29. Rc1+ Kd6 30. Rxc7 Kxc7 31. Nxd5+ Kd6 32. Nxb4 Ra8 33. Bb5 Rg8 34. Kh2 Rg5 35. Bd3 Rg8 36. Be4 Rc8 37. Bd5 Rc3 38. Bxf7 Ra3 39. Nd5 Rxa4 40. Nxb6 Rxd4 41. Nc4+ Ke7 42. Be6 Kf8 43. Ne3 Re4 44. Kg3 Rd4 45. Nd5 Kg7 46. Nf4 Kf8 47. Bd5 Rd2 48. Bf3 Rb2 49. Bh5 Rb5 50. Bg6 Rb3+ 51. f3 Ra3 52. Ne6+ Ke7 53. Kg4 Ra4+ 54. f4 Ra3 55. h4 Ra1 56. Kh5 Rh1 57. Nc7 Kf8 58. Nd5 Kg7 59. Ne3 Rb1 60. Ng4 Rb8 61. Ne3 Rb3 62. Nd5 Rh3 63. Nc7 Kf8 64. Kxh6 Rxh4+ 65. Bh5 Kg8 66. Nd5 Kh8 67. Kg6 Rh2 68. Nxf6 Rg2+ 69. Ng4 Ra2 70. f6 Ra6 71. Ne5 Rb6 72. Be2 Re6 73. Bb5 Rb6 74. Bc6 Ra6 75. Kf7 Ra7+ 76. Bd7 Kh7 77. Ke7 Kg8 78. f7+ Kh7 79. f8=Q Rxd7+ 80. Nxd7 1-0

[Event "European Amateur-ch U2300 2019"]
[Site "Rhodes"]
[Date "2019.04.07"]
[Round "2.3"]
[White "Stavropoulos, Konstantinos"]
[Black "Brouwer, Dennis"]
[Result "0-1"]
[ECO "D80"]
[WhiteElo "2001"]
[BlackElo "2179"]
[Annotator "NA"]
[PlyCount "64"]
[EventDate "2019.04.06"]
[EventType "swiss"]
[EventCountry "GRE"]
[SourceTitle "playchess.com"]
[Source "ChessBase"]
[SourceQuality "1"]
[TimeControl "40/5400+30:1800+30"]

1. d4 Nf6 2. c4 g6 3. Nc3 d5 4. Bg5 dxc4 5. e4 c5 6. d5 b5 7. Bxf6 exf6 8. Nxb5 Qb6 9. Bxc4 a6 10. Nc3 Qxb2 11. Nge2 Bd6 12. f4 Qb4 13. Qd3 O-O 14. O-O Nd7 15. a4 Nb6 16. Ba2 Bg4 17. Rfb1 Qa5 18. Kh1 Rab8 19. Qc2 Rfe8 20. Bb3 Kg7 21. Rf1 Qb4 22. a5 Nc4 23. Ba4 Ne3 24. Qd3 Nxf1 25. Bxe8 Rxe8 26. Qxa6 Bxe2 27. Nxe2 Qxe4 28. Qxd6 Qxe2 29. a6 Ne3 30. Rg1 Nxg2 31. h3 Nh4 32. a7 Qf3+ 0-1

[Event "European Amateur-ch U2300 2019"]
[Site "Rhodes"]
[Date "2019.04.07"]
[Round "2.4"]
[White "Cmiel, Thorsten"]
[Black "Minko, Dmitry"]
[Result "1/2-1/2"]
[ECO "D32"]
[WhiteElo "2109"]
[BlackElo "2169"]
[Annotator "NA"]
[PlyCount "57"]
[EventDate "2019.04.06"]
[EventType "swiss"]
[EventCountry "GRE"]
[SourceTitle "playchess.com"]
[Source "ChessBase"]
[SourceQuality "1"]
[TimeControl "40/5400+30:1800+30"]

1. c4 e6 2. Nc3 d5 3. e3 Nf6 4. Nf3 c5 5. cxd5 exd5 6. d4 Nc6 7. Bb5 a6 8. Bxc6+ bxc6 9. O-O Bd6 10. dxc5 Bxc5 11. b3 Bg4 12. h3 Bh5 13. Bb2 O-O 14. Ne2 Bxf3 15. gxf3 $11 Nd7 16. f4 Qh4 17. Kg2 f5 18. Ng3 Qh6 19. Rc1 Qe6 20. Rxc5 Nxc5 21. Qd4 Qf6 22. Qxf6 gxf6 23. Ba3 Ne4 24. Bxf8 Nxg3 25. Kxg3 Kxf8 26. Rc1 Rc8 27. b4 Ke7 28. Kf3 Kd6 29. Rc5 {[%emt 0:06:58] Ke5 [%emt 00:04:32] Ke4+} 1/2-1/2

[Event "European Amateur-ch U2300 2019"]
[Site "Rhodes"]
[Date "2019.04.07"]
[Round "2.5"]
[White "Andreev, Stanislav"]
[Black "Samaridis, Konstantinos"]
[Result "1-0"]
[ECO "D87"]
[WhiteElo "2140"]
[BlackElo "2022"]
[Annotator "NA"]
[PlyCount "65"]
[EventDate "2019.04.06"]
[EventType "swiss"]
[EventCountry "GRE"]
[SourceTitle "playchess.com"]
[Source "ChessBase"]
[SourceQuality "1"]
[TimeControl "40/5400+30:1800+30"]

1. d4 Nf6 2. c4 g6 3. Nc3 d5 4. cxd5 Nxd5 5. e4 Nxc3 6. bxc3 Bg7 7. Bc4 c5 8. Ne2 Nc6 9. Be3 O-O 10. O-O b6 11. Rb1 Na5 12. Bd5 Rb8 13. Bf4 e6 14. Bxb8 exd5 15. Bxa7 Nc4 16. dxc5 Qe7 17. Bxb6 dxe4 18. Nd4 Qg5 19. f4 exf3 20. Nxf3 Qe3+ 21. Kh1 Bxc3 22. Qc1 Nd2 23. Nxd2 Bxd2 24. Qc2 Qh6 25. Bc7 Be6 26. Rbd1 Be3 27. Bd6 Ra8 28. a4 Qh4 29. Rde1 Bf5 30. Qe2 Bg5 31. a5 Rxa5 32. Qe8+ Kg7 33. Bf8+ 1-0

[Event "European Amateur-ch U2300 2019"]
[Site "Rhodes"]
[Date "2019.04.08"]
[Round "3.1"]
[White "Samaridis, Konstantinos"]
[Black "Yungucu, Arda"]
[Result "1/2-1/2"]
[ECO "B33"]
[WhiteElo "2022"]
[BlackElo "1959"]
[Annotator "NA"]
[PlyCount "67"]
[EventDate "2019.04.06"]
[EventType "swiss"]
[EventCountry "GRE"]
[SourceTitle "playchess.com"]
[Source "ChessBase"]
[SourceQuality "1"]
[TimeControl "40/5400+30:1800+30"]

1. e4 c5 2. Nf3 Nc6 3. d4 cxd4 4. Nxd4 Nf6 5. Nc3 e5 6. Ndb5 d6 7. Bg5 a6 8. Na3 b5 9. Nd5 Be7 10. Bxf6 Bxf6 11. c4 b4 12. Nc2 a5 13. g3 Bg5 14. h4 Bh6 15. Bh3 O-O {[%emt 0:08:42] LiveBook: 4 Games} 16. Kf1 ({White should play} 16. Bxc8 $14 Rxc8 17. b3) 16... Be6 17. Kg2 $11 Ne7 18. Nxe7+ Qxe7 19. Qd3 g6 20. h5 Kg7 21. Bxe6 fxe6 22. hxg6 hxg6 23. Ne3 Bxe3 24. Qxe3 Rh8 25. Rxh8 Rxh8 26. Qb6 Rc8 27. Rh1 Qc7 28. Qe3 Qxc4 29. Qh6+ Kf7 30. Qh7+ Kf6 31. Qh4+ Kf7 32. Qh7+ Kf6 33. Qh4+ Kf7 34. Qh7+ 1/2-1/2

[Event "European Amateur-ch U2300 2019"]
[Site "Rhodes"]
[Date "2019.04.08"]
[Round "3.2"]
[White "Minko, Dmitry"]
[Black "Andreev, Stanislav"]
[Result "0-1"]
[ECO "B15"]
[WhiteElo "2169"]
[BlackElo "2140"]
[Annotator "NA"]
[PlyCount "74"]
[EventDate "2019.04.06"]
[EventType "swiss"]
[EventCountry "GRE"]
[SourceTitle "playchess.com"]
[Source "ChessBase"]
[SourceQuality "1"]
[TimeControl "40/5400+30:1800+30"]

1. e4 c6 2. Nc3 d5 3. Nf3 dxe4 4. Nxe4 Nf6 5. Nxf6+ exf6 6. Bc4 Bd6 7. Qe2+ Be7 8. O-O O-O 9. d4 Bg4 10. Be3 Bd6 11. Bb3 Nd7 12. h3 Bh5 $11 13. g4 Bg6 14. Nh4 Qc7 15. Nxg6 hxg6 16. f4 Rfe8 17. Qf3 f5 18. g5 Re4 19. c3 Nb6 20. Bc2 Re7 21. Bb3 Rae8 22. Bd2 c5 23. dxc5 Qxc5+ 24. Kh1 Nc4 25. Bxc4 Qxc4 26. b3 Qc7 27. Rf2 Re4 28. Raf1 b5 29. h4 Bc5 30. Rh2 Be3 31. Bxe3 Rxe3 32. Qd5 Qxc3 33. Qxb5 Re1 34. Rhf2 Rxf1+ 35. Rxf1 Qh3+ 36. Kg1 Qg3+ 37. Kh1 Re3 0-1

[Event "European Amateur-ch U2300 2019"]
[Site "Rhodes"]
[Date "2019.04.08"]
[Round "3.3"]
[White "Brouwer, Dennis"]
[Black "Cmiel, Thorsten"]
[Result "1/2-1/2"]
[ECO "B52"]
[WhiteElo "2179"]
[BlackElo "2109"]
[Annotator "NA"]
[PlyCount "81"]
[EventDate "2019.04.06"]
[EventType "swiss"]
[EventCountry "GRE"]
[SourceTitle "playchess.com"]
[Source "ChessBase"]
[SourceQuality "1"]
[TimeControl "40/5400+30:1800+30"]

1. e4 c5 2. Nf3 d6 3. Bb5+ Bd7 4. Bxd7+ Qxd7 5. c4 Nc6 6. Nc3 g6 7. d4 cxd4 8. Nxd4 Bg7 9. Be3 Nf6 10. f3 O-O 11. O-O Rfc8 12. b3 Qd8 13. Qd2 {[%emt 0:01:27] LiveBook: 59 Games} Nd7 14. Nde2 Nc5 15. Rab1 $14 Qf8 16. Rfd1 Ne5 17. h3 b6 18. Kh1 Rd8 19. Nd4 Rac8 20. Ncb5 a6 21. Nc3 e6 22. Nde2 Rc6 23. f4 Ned7 24. Rbc1 Nb7 25. Nd4 Rcc8 26. Qf2 Qe7 27. Qf3 Rc7 28. Qg3 Rdc8 29. Bg1 Nbc5 30. Qe3 Kh8 31. Qe2 Nb7 32. Qd2 Kg8 33. Nde2 Qe8 34. Qd3 Ndc5 35. Qd2 Nd7 36. Nd4 Ndc5 37. Be3 Kh8 38. Re1 Kg8 39. Red1 Nd7 40. Na4 Nbc5 41. Nc3 1/2-1/2

[Event "European Amateur-ch U2300 2019"]
[Site "Rhodes"]
[Date "2019.04.08"]
[Round "3.4"]
[White "Shukan, Alexander"]
[Black "Stavropoulos, Konstantinos"]
[Result "0-1"]
[ECO "B26"]
[WhiteElo "2088"]
[BlackElo "2001"]
[Annotator "NA"]
[PlyCount "78"]
[EventDate "2019.04.06"]
[EventType "swiss"]
[EventCountry "GRE"]
[SourceTitle "playchess.com"]
[Source "ChessBase"]
[SourceQuality "1"]
[TimeControl "40/5400+30:1800+30"]

1. e4 c5 2. Nc3 Nc6 3. g3 g6 4. d3 Bg7 5. Be3 d6 6. Qd2 b6 7. Bg2 Bb7 8. Nge2 Qd7 9. h3 f5 10. exf5 gxf5 11. Nf4 Nf6 12. O-O-O e6 13. g4 e5 14. g5 Ng8 15. Nh5 f4 16. Bxf4 $16 exf4 17. h4 Be5 18. Rde1 Qf7 19. g6 Qxg6 20. Nxf4 Qh6 21. Ne6 Qxe6 22. d4 cxd4 23. Nb5 Qxa2 24. Qg5 Qa1+ 25. Kd2 Qa5+ 26. Kd1 Qxb5 27. f4 Nge7 28. Qh5+ Ng6 29. Qg5 Nxf4 30. Rhf1 d3 31. Rxf4 dxc2+ 32. Kxc2 Qxb2+ 33. Kd1 Qb1+ 34. Kd2 Qg6 35. Bxc6+ Bxc6 36. Rxe5+ dxe5 37. Qxe5+ Kd7 38. Qd4+ Kc7 39. Qe5+ Qd6+ 0-1

[Event "European Amateur-ch U2300 2019"]
[Site "Rhodes"]
[Date "2019.04.08"]
[Round "3.5"]
[White "Zherebtsova, Alexandra"]
[Black "Van De Perre, Tom"]
[Result "1/2-1/2"]
[ECO "D31"]
[WhiteElo "2203"]
[BlackElo "2102"]
[Annotator "NA"]
[PlyCount "82"]
[EventDate "2019.04.06"]
[EventType "swiss"]
[EventCountry "GRE"]
[SourceTitle "playchess.com"]
[Source "ChessBase"]
[SourceQuality "1"]
[TimeControl "40/5400+30:1800+30"]

1. d4 d5 2. c4 e6 3. Nc3 c6 4. cxd5 exd5 5. Nf3 {[%emt 0:01:27] LiveBook: 667 Games} Bd6 6. Bg5 Ne7 7. e3 Bf5 8. Be2 Nd7 9. Bh4 O-O 10. Bg3 Nc8 $11 11. Nh4 Bg6 12. Nxg6 hxg6 13. Bd3 Re8 14. Qf3 Qg5 15. Bxd6 Nxd6 16. h4 Qh6 17. O-O-O Nf6 18. g4 g5 19. Qg2 Nfe4 20. hxg5 Qxg5 21. Rh5 Qf6 22. Rdh1 Kf8 23. Bxe4 dxe4 24. Re5 g6 25. Nxe4 Nxe4 26. Qxe4 Rad8 27. g5 Qg7 28. f4 Rxe5 29. dxe5 Rd7 30. Qb4+ Ke8 31. Kc2 Qf8 32. Qxf8+ Kxf8 33. Rh8+ Ke7 34. Rh2 Ke6 35. e4 Rd4 36. Re2 c5 37. Kc3 b5 38. a3 a5 39. b3 a4 40. bxa4 Rxa4 41. Kb2 Rd4 1/2-1/2

[Event "European Amateur-ch U2300 2019"]
[Site "Rhodes"]
[Date "2019.04.09"]
[Round "4.3"]
[White "Cmiel, Thorsten"]
[Black "Shukan, Alexander"]
[Result "1/2-1/2"]
[ECO "A25"]
[WhiteElo "2109"]
[BlackElo "2088"]
[Annotator "NA"]
[PlyCount "43"]
[EventDate "2019.04.06"]
[EventType "swiss"]
[EventCountry "GRE"]
[SourceTitle "playchess.com"]
[Source "ChessBase"]
[SourceQuality "1"]
[TimeControl "40/5400+30:1800+30"]

1. c4 e5 2. Nc3 Nc6 3. e3 Nge7 4. Nf3 g6 5. d4 exd4 6. exd4 Bg7 7. d5 Ne5 8. Nxe5 Bxe5 9. Bd3 O-O 10. Bh6 Re8 11. O-O d6 12. Bg5 f6 13. Bd2 Bf5 14. Qc2 Qd7 15. Rae1 Bd4 16. Ne4 Kf7 17. Bc3 Bxc3 18. Qxc3 Ng8 19. Ng3 Bxd3 20. Qxd3 Rxe1 21. Rxe1 Re8 22. Rxe8 1/2-1/2

[Event "European Amateur-ch U2300 2019"]
[Site "Rhodes"]
[Date "2019.04.10"]
[Round "5.1"]
[White "Minko, Dmitry"]
[Black "Yungucu, Arda"]
[Result "1-0"]
[ECO "B33"]
[WhiteElo "2169"]
[BlackElo "1959"]
[Annotator "NA"]
[PlyCount "71"]
[EventDate "2019.04.06"]
[EventType "swiss"]
[EventCountry "GRE"]
[SourceTitle "playchess.com"]
[Source "ChessBase"]
[SourceQuality "1"]
[TimeControl "40/5400+30:1800+30"]

1. e4 c5 2. Nf3 Nc6 3. d4 cxd4 4. Nxd4 Nf6 5. Nc3 e5 6. Ndb5 d6 7. a4 a6 8. Na3 Be7 9. Bg5 Be6 10. Bxf6 Bxf6 11. Bc4 Rc8 12. Nd5 Bg5 13. c3 O-O 14. O-O Kh8 15. Qe2 Qe8 {[%emt 0:02:46] B33: Sicilian: Pelikan and Sveshnikov Variations} (15... Nb8 16. Rfd1 Nd7 17. a5 Qxa5 18. Nb5 Qd8 19. Nxd6 Rb8 20. Ne3 Bxe3 21. Bxe6 fxe6 22. Qxe3 Qc7 23. Rd2 Nc5 24. Rad1 Nb3 25. Rd3 Nc5 26. R3d2 Nb3 27. Rd3 {½-½ (27) Panarin,M (2555)-Jobava,B (2708) Sochi 2014}) 16. Nb6 Rd8 17. b4 (17. Rad1 $16) 17... f5 18. b5 axb5 $146 ({Predecessor:} 18... Na5 19. Bxe6 Qxe6 20. Rab1 fxe4 21. c4 axb5 22. axb5 d5 23. Nxd5 {1-0 (41) Kuijf,M (2445)-Martinez Gonzalez,F (2295) Sitges 1993}) 19. Nxb5 $14 Na5 20. Rfd1 Qf7 21. Bxe6 Qxe6 22. Rd5 fxe4 23. Qxe4 Rf4 24. Qd3 e4 25. Qd1 e3 26. Nd4 exf2+ 27. Kf1 Qe3 28. Rxg5 Re8 29. Qe2 Qxe2+ 30. Nxe2 Rfe4 31. Rxa5 Rxe2 32. Ra8 Rxa8 33. Kxe2 Rf8 34. Rf1 g5 35. Rxf2 Re8+ 36. Kd3 1-0

[Event "European Amateur-ch U2300 2019"]
[Site "Rhodes"]
[Date "2019.04.10"]
[Round "5.2"]
[White "Brouwer, Dennis"]
[Black "Samaridis, Konstantinos"]
[Result "1-0"]
[ECO "B70"]
[WhiteElo "2179"]
[BlackElo "2022"]
[Annotator "NA"]
[PlyCount "79"]
[EventDate "2019.04.06"]
[EventType "swiss"]
[EventCountry "GRE"]
[SourceTitle "playchess.com"]
[Source "ChessBase"]
[SourceQuality "1"]
[TimeControl "40/5400+30:1800+30"]

1. e4 c5 2. Nc3 d6 3. Nge2 Nf6 4. d4 cxd4 5. Nxd4 g6 6. g3 Nc6 7. Nde2 Bg7 8. Bg2 Bd7 9. O-O Qc8 10. Bg5 $146 {[%emt 0:07:52] B70: Sicilian Dragon: 6 g3 and 6 Be2 (without a later Be3)} ({Predecessor:} 10. Nf4 O-O 11. Be3 Ng4 12. Bd2 Nge5 13. b3 f5 14. Rc1 Kh8 15. exf5 Bxf5 16. Ncd5 g5 17. Nd3 g4 18. Nxe5 dxe5 {1-0 (43) Efimenko,Z (2703)-Motylev,A (2690) Poikovsky 2011}) 10... h6 11. Be3 Bh3 12. Qc1 h5 13. f3 h4 14. Bxh3 Qxh3 15. Nf4 Qd7 16. g4 Nxg4 17. fxg4 Qxg4+ 18. Kf2 $1 ({Much worse is} 18. Kh1 Bxc3 19. bxc3 g5 $17) 18... Nd4 (18... Rc8 $14) 19. Qd2 Nf3 20. Qe2 Nxh2 21. Rg1 Qc8 22. Rg2 Be5 $18 23. Rh1 Bxc3 24. bxc3 Qxc3 25. Rhxh2 Rc8 26. Qb5+ Kf8 27. Kf3 Qf6 28. Qg5 h3 29. Qxf6 exf6 30. Rd2 Ke7 31. Bxa7 Rc3+ 32. Rd3 Rxc2 33. Rxc2 h2 34. Rc7+ Kd8 35. Rc1 h1=Q+ 36. Rxh1 Rxh1 37. Rxd6+ Ke7 38. Bc5 Rf1+ 39. Ke3 Rc1 40. Nd5+ 1-0

[Event "European Amateur-ch U2300 2019"]
[Site "Rhodes"]
[Date "2019.04.10"]
[Round "5.3"]
[White "Shukan, Alexander"]
[Black "Andreev, Stanislav"]
[Result "0-1"]
[ECO "B11"]
[WhiteElo "2088"]
[BlackElo "2140"]
[Annotator "NA"]
[PlyCount "88"]
[EventDate "2019.04.06"]
[EventType "swiss"]
[EventCountry "GRE"]
[SourceTitle "playchess.com"]
[Source "ChessBase"]
[SourceQuality "1"]
[TimeControl "40/5400+30:1800+30"]

1. e4 c6 2. Nc3 d5 3. Nf3 dxe4 4. Nxe4 Nf6 5. Qe2 Nxe4 6. Qxe4 Qa5 {[%emt 0:00:22] B11: Caro-Kann: Two Knights Variation} 7. Bc4 (7. Bd3 Na6 8. Qe5 Qxe5+ 9. Nxe5 Nb4 10. Be4 f6 11. c3 Nd5 12. Nf3 a5 13. d4 a4 14. Bd2 {½-½ (41) Adams,M (2703)-Howell,D (2696) London 2018}) 7... Bf5 8. Qf4 e6 9. O-O $146 ({Predecessor:} 9. c3 Be7 10. d4 Nd7 11. O-O O-O 12. a4 Rac8 13. Nh4 Bc2 14. Re1 {0-1 (37) Nayhebaver,M (2471)-Tica,S (2444) Le Castella 2018}) 9... Be7 10. d3 O-O 11. Bd2 Qd8 12. Bc3 Nd7 13. g4 Bg6 14. h4 e5 15. Nxe5 Nxe5 16. Qxe5 Bf6 17. Qh2 Bxh4 18. f4 b5 19. Bb3 $1 a5 20. a3 h6 21. g5 hxg5 $15 22. f5 (22. fxg5 $11 {remains equal.} Qxg5+ 23. Kh1) 22... Bh5 23. Qe5 Qf6 24. Qc7 Qd8 25. Qe5 Qf6 26. Qc7 Qd8 27. Qxc6 Rb8 28. Be5 a4 29. Ba2 Rc8 30. Qg2 Re8 31. d4 Rxe5 32. dxe5 Qd4+ 33. Kh1 Qxe5 34. c3 Be2 35. Qd5 Qf6 36. Rfd1 g4 37. Kg1 Bg5 38. Kf2 Bf3 39. Qxb5 Qh6 40. Bxf7+ Kh8 41. Qe5 Bf4 42. Rh1 Bxh1 43. Qe7 Qh2+ 44. Ke1 Bd2+ 0-1